 Dungeon Crawl Stone Soup version 0.13.0-21-ge43020b (webtiles) character file.

53 Malachi the Insei (level 2, -11/25 HPs)
             Began as a Naga Transmuter on Oct 26, 2013.
             Killed from afar by an orc wizard (12 damage)
             ... with a magic dart
             ... on Level 1 of the Dungeon.
             The game lasted 00:01:39 (863 turns).

Malachi the Ruffian (Naga Transmuter)                Turns: 863, Time: 00:01:41

HP -11/25        AC  1     Str 12      XL: 2   Next: 83%
MP   2/3         EV 10     Int 13      God:
Gold 32          SH  0     Dex 13      Spells:  1 memorised,  4 levels left

Res.Fire  : . . .   See Invis. : +     - Unarmed
Res.Cold  : . . .   Warding    : .   c - +0 robe
Life Prot.: . . .   Conserve   : .   (no shield)
Res.Poison: +       Res.Corr.  : .   (helmet restricted)
Res.Elec. : .       Clarity    : .   (no cloak)
Sust.Abil.: . .     Spirit.Shd : .   (no gloves)
Res.Mut.  : .       Stasis     : .   (no barding)
Res.Rott. : .       Flight     : .   (no amulet)
Saprovore : . . .                    (no ring)
                                     (no ring)

@: appendage, short of breath, very slow, slightly resistant to hostile
enchantments, unstealthy
A: spit poison, horns 2, see invisible, deformed body, poison resistance,
slowness 2, wild magic 2, Dex +2
a: Spit Poison, End Transformation


You were on level 1 of the Dungeon.
You were not hungry.
You had grown temporary horns.
You visited 1 branch of the dungeon, and saw 1 of its levels.

You collected 12 gold pieces.

Inventory:

Missiles
 b - 12 arrows
Armour
 c - a +0 robe (worn)
Comestibles
 a - a bread ration
Potions
 g - a potion of restore abilities
Books
 d - a book of Changes

   Spells                             Type                      Level
   *Beastly Appendage                 Transmutation                1
   Sticks to Snakes                   Transmutation                2
   Spider Form                        Transmutation/Poison         3
   Ice Form                           Ice/Transmutation            4
   Blade Hands                        Transmutation                5


   Skills:
 + Level 1.2 Fighting
 - Level 1.5 Dodging
 * Level 3.7 Unarmed Combat
 - Level 2.0 Spellcasting
 + Level 2.2 Transmutations


You had 4 spell levels left.
You knew the following spells:

 Your Spells              Type           Power        Failure   Level  Hunger
a - Beastly Appendage     Trmt           ##....       36%         1    ##.....


Dungeon Overview and Level Annotations

Branches:
Dungeon (1/27)

Altars:


Innate Abilities, Weirdness & Mutations

You cannot wear boots.
You can spit poison.
You have supernaturally acute eyesight.
Armour fits poorly on your strangely shaped body.
Your system is resistant to poisons.
You cover ground very slowly.
You have a pair of horns on your head.
You are agile. (Dex +2)
Your spells are harder to cast, but more powerful.


Message History

You feel a wave of unholy energy pass over you.
The ooze barely misses you.
You hit the ooze.
The ooze is almost dead.
You completely miss the ooze.
The ooze is almost dead.
The ooze barely misses you.
You hit the ooze.
You kill the ooze!
Use which ability? (? or * to list)
Press: ? - help, Shift-Dir - straight line, f - orc wizard
Aim: an orc wizard, wielding an orcish dagger and wearing an orcish robe (moving very quickly)
The splash of poison hits the orc wizard.
The orc wizard is lightly wounded.
You feel slightly more hungry. The orc wizard casts a spell at you.
The puff of frost misses you. The orc wizard casts a spell at you.
The magic dart hits you!
You die...

#..# #.#####.%#
#........#
#.########.##
#............
######.###### #.#
#..########## #.#
#.....@o....# #.# #
##.########§#
##)###...
#######§###.)......
#...o§§§§..........
#.#####§###....####
#.# #§# #.####...
... #.# ###...###
#...# #.# # .....
#.# #


You could see an orc wizard.

Vanquished Creatures
  An ooze (D:1)
  2 bats (D:1)
  6 goblins (D:1)
  A hobgoblin (D:1)
  A kobold (D:1)
  4 jackals (D:1)
  5 rats (D:1)
20 creatures vanquished.

Notes
Turn   | Place    | Note
--------------------------------------------------------------
     0 | D:1      | Malachi, the Naga Transmuter, began the quest for the Orb.
     0 | D:1      | Reached XP level 1. HP: 18/18 MP: 1/1
   338 | D:1      | Reached XP level 2. HP: 5/25 MP: 0/3
   853 | D:1      | Gained mutation: You are agile. (Dex +2) [potion of mutation]
   853 | D:1      | Gained mutation: Your spells are a little harder to cast, but a little more powerful. [potion of mutation]
   853 | D:1      | Gained mutation: Your spells are harder to cast, but more powerful. [potion of mutation]
   857 | D:1      | HP: 1/25 [ooze (2)]
   863 | D:1      | Killed from afar by an orc wizard

Action                   || total
-------------------------++-------
Melee: Unarmed           ||    60
 Cast: Beastly Appendage ||     4
 Abil: Spit Poison       ||     2
  Use: Scroll            ||     4
       Potion            ||     1
